 Dungeon Crawl Stone Soup version 0.20.1-1-g8b1a95d (webtiles) character file.

9 letownia2 the Grave Robber (level 2, -1/22 HPs)
             Began as a Deep Dwarf Necromancer on Nov 28, 2017.
             Slain by an ogre
             ... wielding a +0 giant club
              (10 damage)
             ... on level 4 of the Dungeon.
             The game lasted 00:02:31 (595 turns).

letownia2 the Grave Robber (Deep Dwarf Necromancer)  Turns: 595, Time: 00:02:32

Health: -1/22      AC:  5    Str: 11    XL:     2   Next: 6%
Magic:  4/5        EV: 11    Int: 15    God:
Gold:   22         SH:  0    Dex: 16    Spells: 4/5 levels left

rFire    . . .     SeeInvis .   c - +0 blowgun
rCold    . . .     Gourm    .   (no shield)
rNeg     . . .     Faith    .   h - +0 ring mail
rPois    .         Spirit   .   (no helmet)
rElec    .         Reflect  .   (no cloak)
rCorr    +         Harm     .   (no gloves)
MR       .....                  (no boots)
Stlth    ++........             f - amulet of inaccuracy (curse)
Regen    0.0/turn               g - ring of resist corrosion
MPRegen  0.1/turn               n - +3 ring of dexterity

@: non-regenerating
A: damage resistance, heal wounds, sense surroundings 1, no regeneration
a: Heal Wounds


You were on level 4 of the Dungeon.
You were not hungry.

You visited 1 branch of the dungeon, and saw 4 of its levels.

You collected 22 gold pieces.

Inventory:

Hand Weapons
 c - a +0 blowgun (weapon)
Missiles
 l - 27 poisoned needles (quivered)
Armour
 a - a +0 robe
 h - a +0 ring mail (worn)
Jewellery
 f - a cursed amulet of inaccuracy (around neck)
 g - a ring of resist corrosion (left hand)
 j - an uncursed ring of see invisible
 n - a +3 ring of dexterity (right hand)
Wands
 o - a wand of polymorph (13/24)
Scrolls
 d - a scroll of magic mapping {unknown}
 i - a scroll of remove curse {unknown}
 m - a scroll of amnesia {unknown}
Potions
 e - a potion of agility {unknown}
Books
 b - a book of Necromancy

   Spells                             Type                      Level
   a - Pain                           Necromancy                   1
   b - Animate Skeleton               Necromancy                   1
   c - Vampiric Draining              Necromancy                   3
   d - Regeneration                   Charms/Necromancy            3
   e - Animate Dead                   Necromancy                   4
   f - Control Undead                 Necromancy                   4
Comestibles
 k - a bread ration


   Skills:
 - Level 2.1 Dodging
 - Level 2.4 Stealth
 - Level 2.0 Spellcasting
 + Level 4.7 Necromancy


You had 4 spell levels left.
You knew the following spells:

 Your Spells              Type           Power        Failure   Level  Hunger
a - Pain                  Necr           ###.         8%          1    #......


Dungeon Overview and Level Annotations

Branches:
Dungeon (4/15)
 Temple: D:4-7

Altars:
Fedhas
Nemelex Xobeh

Shops:
D:4 *

Annotations:
D:4 Dowan; Duvessa; Lanoc's ghost, novice OpMo


Innate Abilities, Weirdness & Mutations

You are resistant to damage.
You can heal yourself by infusing magical energy.
You passively map a small area around you.
You do not regenerate.


Message History

The centaur zombie hits you. The centaur zombie misses you.
The adder closely misses you. The adder bites you.
Lanoc's ghost turns its malevolent gaze towards you.
The adder bites you.
Lanoc's ghost shouts, "You will join me soon!"
The adder bites you but does no damage. The adder bites you but does no damage.
Lanoc's ghost says, "I walk in shadow, and soon so shall you."
An ogre and a skeleton come into view.
The ogre shouts!
The ogre moves out of view.
An adder skeleton comes into view.
The adder barely misses you.
Found a stone staircase leading down.
The adder bites you but does no damage.
There is a stone staircase leading down here.
The adder skeleton bites you but does no damage.
The ogre hits you with a giant club!
You die...

, , * ** * , * , #.*
* *, ... * * #.#
*######### *
########.# #.......#
#........# #.>.....#
..#####..####.S.....#
, ,
.....##....W.Z.O@...#
,
..##......###..Z..Z.#
, #.#####..##
#.......# ,
#........# #.......#
.....###.# ##########
####.# #W# #...
####.###.###.# * #
..##.........#####.#
#.##..##......#... ..


You could see an ogre, Lanoc's ghost, an adder, a centaur zombie and 2 adder
skeletons.

Vanquished Creatures
  A leopard gecko (D:4)
  A bat (D:3)
  A giant cockroach (D:3)
  A hobgoblin (D:1)
  A frilled lizard (D:3)
  2 kobolds
  A rat (D:3)
8 creatures vanquished.

Notes
Turn   | Place    | Note
-------+----------+-------------------------------------------
     0 | D:1      | letownia2 the Deep Dwarf Necromancer began the quest for the Orb.
     0 | D:1      | Reached XP level 1. HP: 15/15 MP: 3/3
   205 | D:3      | Found a sparkling altar of Nemelex Xobeh.
   245 | D:3      | Found a blossoming altar of Fedhas.
   401 | D:4      | Reached XP level 2. HP: 19/22 MP: 3/5
   415 | D:4      | Noticed Dowan
   434 | D:4      | Noticed Duvessa
   518 | D:4      | Noticed Lanoc's ghost (novice OpMo)
   574 | D:4      | Found Offeulail's General Store.
   589 | D:4      | Noticed an ogre
   595 | D:4      | Slain by an ogre

Skill      XL: |  1 |
---------------+----+-----
Spellcasting   | 2 |  2.0
Dodging        | |  2.1
Stealth        | |  2.4
Necromancy     | |  4.7

Action                   || total
-------------------------++-------
 Fire: Blowgun           ||    12
 Cast: Pain              ||    20
Armor: Ring mail         ||    21
Dodge: Dodged            ||    34
